AoeStats
← Yo_N3m3sis

Arena

510938852Analyzed
2v2 RM · 8h ago on Oct 3, 2026· 44m 11s· 4 players
Game mode
Random Map
Map size
Medium (4 player)
Population
200
Speed
Normal
Resources
Standard
Victory
Conquest
Starting age
Dark Age
Ending age
Imperial Age
RankedLock teamsTeams togetherTeam positionsShared explorationLock speedFull tech treeHidden civsTurbo modeCheats
Victory
Defeat
🇮🇳 Bohemians · India
1349
+16
🇮🇳 Poles · India
1335
+16
🇲🇽 Italians · Mexico
1355
-17
🇲🇽 Aztecs · Mexico
1321
-15
DavidJim02
8:29 Loom
10:48 Feudal Age
12:02 Double-Bit Axe
14:54 Castle Age
12:36 Horse Collar
14:52 Wheelbarrow
15:55 Bow Saw
15:47 Heavy Plow
21:44 Stone Mining
22:22 Town Watch
23:03 Hand Cart
25:48 Gold Mining
28:33 Imperial Age
26:07 Town Patrol
26:21 Masonry
27:02 Ballistics
26:45 Fletching
26:55 Padded Archer Armor
27:25 Bodkin Arrow
27:40 Scale Barding Armor
27:45 Forging
27:40 Murder Holes
29:30 Leather Archer Armor
29:36 Chain Barding Armor
29:19 Bracer
31:52 Chemistry
32:31 Architecture
32:12 Thumb Ring
32:52 Stone Shaft Mining
33:03 Ring Archer Armor
32:49 Husbandry
33:03 Bloodlines
32:46 Light Cavalry
34:14 Plate Barding Armor
35:43 Iron Casting
36:05 Hoardings
36:15 Squires
36:37 Scale Mail Armor
36:10 Pikeman
38:17 Blast Furnace
39:36 Chain Mail Armor
39:44 Conscription
40:03 Crop Rotation
40:35 Two-Man Saw
40:59 Plate Mail Armor
41:02 Elite Genoese Crossbowman
Rubén_Wolfgang
5:34 Loom
10:25 Feudal Age
11:35 Double-Bit Axe
14:36 Castle Age
12:42 Double-Bit Axe
12:38 Horse Collar
15:22 Squires
15:49 Bow Saw
19:59 Loom
23:58 Fervor
24:10 Sanctity
26:07 Wheelbarrow
25:19 Town Watch
27:09 Scale Mail Armor
29:41 Imperial Age
27:55 Redemption
27:22 Elite Skirmisher
28:10 Heavy Plow
28:01 Gold Mining
28:01 Stone Mining
29:20 Hand Cart
29:24 Chain Mail Armor
29:20 Forging
30:38 Block Printing
30:49 Illumination
30:59 Plate Mail Armor
31:04 Iron Casting
31:29 Conscription
32:09 Theocracy
31:50 Elite Jaguar Warrior
35:06 Blast Furnace
33:56 Fletching
35:09 Chemistry
34:00 Elite Skirmisher
34:45 Bodkin Arrow
35:08 Atlatl
35:15 Padded Archer Armor
35:55 Bracer
35:57 Capped Ram
39:23 Leather Archer Armor
38:46 Siege Ram
42:27 Garland Wars
Alexander
10:58 Feudal Age
12:46 Double-Bit Axe
15:20 Castle Age
13:07 Horse Collar
16:09 Heavy Plow
19:07 Bow Saw
23:39 Husbandry
24:48 Wheelbarrow
24:07 Gold Mining
23:55 Light Cavalry
26:02 Hand Cart
29:12 Imperial Age
27:35 Bloodlines
29:49 Scale Barding Armor
29:23 Winged Hussar
32:00 Chain Barding Armor
31:51 Forging
32:04 Town Watch
33:16 Lechitic Legacy
33:17 Conscription
33:33 Hoardings
33:58 Crop Rotation
35:58 Iron Casting
38:19 Blast Furnace
Yo_N3m3sis
10:53 Feudal Age
14:56 Castle Age
13:01 Double-Bit Axe
12:57 Horse Collar
14:00 Loom
16:31 Bow Saw
16:53 Fervor
17:10 Atonement
17:44 Sanctity
19:06 Wheelbarrow
18:51 Heavy Plow
21:18 Loom
21:50 Hand Cart
23:26 Atonement
29:51 Imperial Age
27:35 Scale Mail Armor
27:46 Forging
29:05 Chemistry
27:59 Fletching
28:09 Padded Archer Armor
29:13 Town Watch
29:23 Town Watch
31:02 Leather Archer Armor
32:16 Town Patrol
32:26 Scale Mail Armor
32:37 Forging
33:02 Ring Archer Armor
32:11 Houfnice
34:12 Conscription
34:01 Wagenburg Tactics
Connection lost

Rejoining the realm…

Still unreachable

The connection could not be restored.

Session expired

The server has moved on; the page needs a fresh start.